 Dungeon Crawl Stone Soup version 0.20.0-10-g0535bb4 (webtiles) character file.

78 Zwobot the Cudgeler (level 4, -1/35 HPs)
             Began as a Demonspawn Monk on June 4, 2017.
             Slain by a river rat (10 damage)
             ... on level 3 of the Dungeon.
             The game lasted 00:08:01 (3537 turns).

Zwobot the Cudgeler (Demonspawn Monk)               Turns: 3537, Time: 00:08:02

Health: -1/35      AC:  2    Str: 11    XL:     4   Next: 15%
Magic:  4/4        EV: 13    Int: 12    God:
Gold:   102        SH:  0    Dex: 20    Spells: 3/3 levels left

rFire    . . .     SeeInvis .   a - +0 mace
rCold    . . .     Gourm    .   (no shield)
rNeg     . . .     Faith    .   b - +0 robe
rPois    .         Spirit   .   (no helmet)
rElec    .         Reflect  .   (no cloak)
rCorr    .         Harm     .   (no gloves)
MR       .....                  (no boots)
Stlth    ++........             (no amulet)
Regen    0.2/turn               y - +4 ring of dexterity
MPRegen  0.1/turn               (no ring)

@: no status effects
A: powered by death 1
a: no special abilities


You were on level 3 of the Dungeon.
You were not hungry.

You visited 1 branch of the dungeon, and saw 3 of its levels.

You collected 102 gold pieces.

Inventory:

Hand Weapons
 a - a +0 mace (weapon)
 j - a +0 whip
 q - a +0 hunting sling
 v - a +0 spear
Missiles
 e - 17 poisoned needles
 i - 107 stones (quivered)
Armour
 b - a +0 robe (worn)
 s - a +0 ring mail
Jewellery
 y - a +4 ring of dexterity (left hand)
Scrolls
 o - a scroll of remove curse
 r - 2 scrolls of blinking {unknown}
 t - a scroll of random uselessness {unknown}
 x - a scroll of recharging {unknown}
Potions
 d - a potion of mutation {unknown}
 k - 2 potions of brilliance
 l - 2 potions of berserk rage {unknown}
 n - a potion of degeneration {unknown}
 u - 3 potions of invisibility {unknown}
 w - 2 potions of curing {unknown}
 z - a potion of resistance {unknown}
Comestibles
 c - 2 bread rations


   Skills:
 - Level 3.0 Fighting
 + Level 4.4 Maces & Flails
 - Level 2.6 Dodging
 + Level 2.0 Stealth


You had 3 spell levels left.
You didn't know any spells.

Dungeon Overview and Level Annotations

Branches:
Dungeon (3/15)

Altars:
Nemelex Xobeh
Uskayaw

Portals:
Sewer: D:3


Innate Abilities, Weirdness & Mutations

You regenerate a little health from kills.


Message History

The river rat is severely wounded.
The river rat bites you.
You hit the river rat but do no damage.
The river rat is severely wounded.
The river rat closely misses you.
You barely miss the river rat.
The river rat is severely wounded.
The river rat barely misses you.
You hit the river rat.
The river rat is almost dead.
The river rat bites you!
You hit the river rat but do no damage.
The river rat is almost dead.
The river rat barely misses you.
You hit the river rat but do no damage.
The river rat is almost dead.
The river rat bites you.
* * * LOW HITPOINT WARNING * * *
The river rat bites you!
You die...

...........##.#
##.........##.#
#.........##.#
#.........##.#
#.........##.#
######.#####.#
#.# #.# #
#.##### #...@.#
#####r#
######w#####
#..........#
######.#.###
#.....#
###.#.(.#
#........#
####.....#####


You could see a worm and a river rat.

Vanquished Creatures
  2 worms (D:2)
  A dart slug (D:3)
  3 leopard geckos
  3 ball pythons
  3 bats
  2 giant cockroaches
  8 goblins
  12 hobgoblins
  4 jackals (D:1)
  5 kobolds
  A quokka (D:2)
  3 frilled lizards
  13 rats
60 creatures vanquished.

Notes
Turn   | Place    | Note
-------+----------+-------------------------------------------
     0 | D:1      | Zwobot the Demonspawn Monk began the quest for the Orb.
     0 | D:1      | Reached XP level 1. HP: 18/18 MP: 1/1
    48 | D:1      | Reached skill level 3 in Maces & Flails
   500 | D:1      | Gained mutation: You regenerate a little health from kills. [demonic ancestry]
   500 | D:1      | Reached XP level 2. HP: 24/24 MP: 2/2
  1481 | D:2      | Reached XP level 3. HP: 15/29 MP: 3/3
  1737 | D:2      | Found a sparkling altar of Nemelex Xobeh.
  1817 | D:2      | Reached skill level 4 in Maces & Flails
  3093 | D:3      | Found a faded altar of an unknown god.
  3161 | D:3      | Reached XP level 4. HP: 19/35 MP: 4/4
  3424 | D:3      | Found a hide-covered altar of Uskayaw.
  3509 | D:3      | Found a glowing drain.
  3537 | D:3      | Slain by a river rat

Skill      XL: |  1  2  3  4 |
---------------+-------------+-----
Maces & Flails | 3 4 |  4.4
Stealth        | 2 |  2.0
Fighting       | |  3.0
Dodging        | |  2.6

Action                   |  1- 3 |  4- 6 || total
-------------------------+-------+-------++-------
Melee: Mace              |   143 |    11 ||   154
       Spear             |    29 |       ||    29
 Fire: Hunting sling     |     6 |    18 ||    24
Throw: Stone             |    21 |       ||    21
  Use: Scroll            |       |     6 ||     6
 Stab: Sleeping          |     8 |       ||     8
  Eat: Chunk             |     5 |     1 ||     6
       Royal jelly       |     1 |       ||     1
Armor: Robe              |    13 |     1 ||    14
Dodge: Dodged            |    82 |     6 ||    88
